 Dungeon Crawl Stone Soup version 0.17-a0-1642-gd4b747b (webtiles) character file.

157 maniek23 the Shield-Bearer (level 5, -5/46 HPs)
             Began as a Minotaur Fighter on Aug 8, 2015.
             Slain by a water moccasin (6 damage)
             ... on level 7 of the Dungeon.
             The game lasted 00:03:32 (976 turns).

maniek23 the Shield-Bearer (Minotaur Fighter)        Turns: 976, Time: 00:03:32

Health: -5/46      AC:  3    Str: 21      XL:     5   Next: 15%
Magic:  4/4        EV:  4    Int:  5      God:
Gold:   124        SH:  9    Dex:  9 (10) Spells: 0 memorised, 4 levels left

rFire  x . .     SeeInvis .     a - +0 war axe
rCold  + . .     Clarity  .     d - +0 leather armour of Pathos {rN+ Regen+} (curse)
rNeg   + . .     SustAt   .     c - +0 shield
rPois  .         Gourm    .     (helmet restricted)
rElec  .         Spirit   .     (no cloak)
rCorr  .         Warding  .     (no gloves)
rMut   .         Stasis   .     (no boots)
MR     .....                    (no amulet)
Stlth  +.........               (no ring)
                                f - ring of ice

@: lethally poisoned (-5 -> -18), not resistant to hostile enchantments, very
unstealthy
A: retaliatory headbutt, horns 2
a: no special abilities


You were on level 7 of the Dungeon.
You were not hungry.

You visited 1 branch of the dungeon, and saw 5 of its levels.

You collected 124 gold pieces.

Inventory:

Hand weapons
 a - a +0 war axe (weapon)
Armour
 b - a +0 scale mail
 c - a +0 shield (worn)
 d - the cursed +0 leather armour of Pathos (worn) {rN+ Regen+}
   (You found it on level 4 of the Dungeon)

   It protects you from negative energy.
   It increases your rate of regeneration.
   It has a curse placed upon it.
Jewellery
 f - a ring of ice (left hand)
Scrolls
 h - a scroll of magic mapping {unknown}
 j - a scroll of remove curse {unknown}
 k - a scroll of identify {unknown}
 l - a scroll of teleportation {unknown}
 m - a scroll of recharging {unknown}
Potions
 g - 2 potions of heal wounds
 i - 3 potions of curing {unknown}
Comestibles
 e - 3 bread rations


   Skills:
 + Level 4.2 Fighting
 + Level 3.2 Axes
 + Level 4.7 Armour
 + Level 1.6 Dodging
 + Level 5.0 Shields


You had 4 spell levels left.
You didn't know any spells.

Dungeon Overview and Level Annotations

Branches:
Dungeon (7/15)
 Temple: D:4-7

Altars:


Innate Abilities, Weirdness & Mutations

You reflexively headbutt those who attack you in melee.
You have a pair of horns on your head.


Message History

The water moccasin bites you.
You are more poisoned.
The water moccasin poisons you!
You slash the giant frog skeleton! You headbutt the giant frog skeleton.
You destroy the giant frog skeleton!
You have reached level 5!
You hit the water moccasin but do no damage.
You feel very sick. The water moccasin barely misses you.
The water moccasin closely misses you.
You feel sick.
You feel sick. The water moccasin bites you!
* * * LOW HITPOINT WARNING * * *
You are more poisoned.
The water moccasin poisons you!
* * * LOW HITPOINT WARNING * * *
You feel sick.
There is a stone staircase leading down here.
* * * LOW HITPOINT WARNING * * *
You feel sick. The water moccasin bites you.
You die...

♣.♣♣♣
♣.♣
♣♣.♣
♣.♣♣
♣.♣
♣♣.♣
♣♣Y♣♣
♣S.♣
♣@♣♣
♣♣♣


You could see a water moccasin and an ice beast.

Vanquished Creatures
  Dowan (D:4)
  A giant frog skeleton (D:7)
  An iguana (D:4)
  A quasit (D:7)
  2 giant geckos
  2 ball pythons (D:1)
  A bat (D:1)
  2 giant cockroaches (D:1)
  A goblin (D:1)
  3 hobgoblins (D:1)
  3 kobolds
  2 jackals (D:4)
  2 quokkas
  2 rats
24 creatures vanquished.

Notes
Turn   | Place    | Note
--------------------------------------------------------------
     0 | D:1      | maniek23 the Minotaur Fighter began the quest for the Orb.
     0 | D:1      | Reached XP level 1. HP: 19/19 MP: 0/0
   189 | D:1      | Reached skill level 4 in Shields
   280 | D:1      | Reached XP level 2. HP: 27/27 MP: 1/1
   801 | D:4      | Noticed Dowan
   834 | D:4      | Reached skill level 1 in Dodging
   834 | D:4      | Reached XP level 3. HP: 17/33 MP: 2/2
   926 | D:4      | Killed Dowan
   926 | D:4      | Reached XP level 4. HP: 30/40 MP: 3/3
   935 | D:4      | Got a smelly leather armour
   946 | D:4      | Identified the cursed +0 leather armour of Pathos {rN+ Regen+} (You found it on level 4 of the Dungeon)
   953 | D:4      | You fall through a shaft!
   953 | D:7      | Noticed a water moccasin
   958 | D:7      | Noticed an ice beast
   970 | D:7      | Reached skill level 5 in Shields
   972 | D:7      | Reached XP level 5. HP: 16/46 MP: 4/4
   975 | D:7      | HP: 2/46 [poisoned by a water moccasin]
   976 | D:7      | Slain by a water moccasin

Vault maps used:
D:1:      lightli_iron_boxes, minmay_misc_feat_roman, corexii_leaking_fountain,
          minmay_tree_intersection, minmay_unequal
D:2:      first_bread, kennysheep_nub
D:4:      minmay_temple_entry_enclosed_plants, uniq_eustachio, uniq_edmund,
          uniq_duvessa
D:7:      forest_paths, nicolae_overflow_hidden_temple,
          gup_ossuary_entry_pyramid, uniq_menkaure

Action                   |  1- 3 |  4- 6 || total
-------------------------+-------+-------++-------
Melee: War axe           |    52 |     5 ||    57
  Use: Potion            |     2 |       ||     2
